 Dungeon Crawl Stone Soup version 0.30.1-11-g7821555f0a (webtiles) character file.

Game seed: 12191193042578101087

3829 KittyFluff the Protected (level 10, -2/91 HPs)
             Began as a Gargoyle Berserker on Nov 11, 2023.
             Was a High Priest of Trog.
             Slain by Erica
             ... wielding a +3 scimitar of flaming
              (3 damage)
             ... on level 8 of the Dungeon.
             The game lasted 00:39:39 (7406 turns).

KittyFluff the Protected (Gargoyle Berserker)       Turns: 7406, Time: 00:39:39

Health: -2/91      AC: 17    Str: 25    XL:     10   Next: 17%
Magic:  10/10      EV: 12    Int:  8    God:    Trog [*****.]
Gold:   503        SH:  0    Dex:  9    Spells: 9/9 levels left

rFire   . . .        x - +1 flail (protect)
rCold   + . .        N - +2 buckler
rNeg    + . .        V - +2 leather armour {rC+}
rPois   ∞            (no helmet)
rElec   +            K - +0 cloak
rCorr   +            R - +0 pair of gloves
SInv    .            W - +0 pair of boots
Will    .....        k - amulet of regeneration Stlth
                     v - ring of resist corrosion
HPRegen 1.15/turn    (no ring)
MPRegen 0.12/turn

%: no passive effects
@: confused, berserking (expiring), slowed
A: sickness immunity, AC +7, negative energy resistance 1, electricity
resistance, torment resistance 1, petrification resistance
a: Renounce Religion, Berserk, Trog's Hand, Brothers in Arms


You were on level 8 of the Dungeon.
You worshipped Trog.
Trog was extremely pleased with you.
You visited 1 branch of the dungeon, and saw 8 of its levels.

You collected 503 gold pieces.

Inventory:

Hand Weapons
 n - a +2 flail of holy wrath
 x - a +1 flail of protection (weapon)
 B - a +0 sling
 D - a +0 morningstar
 Q - a +4 flail
Missiles
 r - 40 poisoned darts (quivered)
 u - 5 javelins
 w - 2 boomerangs
 L - a throwing net
 S - 2 curare-tipped darts
Armour
 s - an orb of mayhem
 K - a +0 cloak (worn)
 N - a +2 buckler (worn)
 O - the +6 chain mail of the Centipede {Regen+ Str+4}
   (You took it off an orc on level 7 of the Dungeon)

   Str:       It affects your strength (+4).
   Regen:     It increases your rate of health regeneration.
 P - a +1 robe of willpower
 R - a +0 pair of gloves (worn)
 V - a +2 leather armour of cold resistance (worn)
 W - a +0 pair of boots (worn)
Jewellery
 h - a ring of ice
 k - an amulet of regeneration (around neck)
 v - a ring of resist corrosion (left hand)
 T - a ring of protection from cold
Wands
 t - a wand of quicksilver (8)
 J - a wand of digging (8)
 M - a wand of flame (13)
Scrolls
 a - a scroll of blinking {unknown}
 b - 2 scrolls of immolation {unknown}
 f - 2 scrolls of noise {unknown}
 j - a scroll of acquirement {unknown}
 m - 3 scrolls of teleportation
 y - a scroll of poison {unknown}
 C - a scroll of enchant armour
 E - 2 scrolls of fear
 F - 3 scrolls of fog
 H - a scroll of magic mapping
 U - a scroll of enchant weapon {unknown}
 X - a scroll of amnesia {unknown}
Potions
 c - 2 potions of mutation
 d - 2 potions of lignification
 e - 2 potions of cancellation
 g - 5 potions of heal wounds
 i - a potion of berserk rage {unknown}
 l - a potion of resistance {unknown}
 o - 2 potions of flight {unknown}
 p - a potion of might
 q - 3 potions of curing
 z - a potion of ambrosia {unknown}
 A - a potion of magic {unknown}
 G - a potion of haste {unknown}
 I - 2 potions of attraction {unknown}


   Skills:
 + Level 6.3 Fighting
 * Level 7.9 Maces & Flails
 * Level 8.4 Armour
 + Level 4.5 Dodging
 + Level 5.9 Stealth
 + Level 2.7 Shields
 + Level 2.9 Evocations


You had 9 spell levels left.
You didn't know any spells.
Your spell library was empty.

Dungeon Overview and Level Annotations

Branches:
Dungeon (8/15)             Temple (0/1) D:6
   Lair: D:8-11

Altars:
Fedhas
Makhleb
Qazlal
Ru

Shops:
D:7 (

Annotations:
D:3 3 runed translucent doors, pkoi's ghost, amateur DrCj; wolfy7's ghost, amateur HOFi
D:8 Erica


Innate Abilities, Weirdness & Mutations

You are immune to sickness and miasma.
Your stone body is resilient. (AC +7)
You are immune to poison.
You resist negative energy. (rN+)
You are resistant to electric shocks. (rElec)
You are resistant to unholy torment.
You are immune to petrification.


Message History

Erica is moderately wounded.
Erica hits you with a +3 scimitar of flaming!
Erica burns you.
You hit Erica but do no damage.
Your weapon exudes an aura of protection.
Erica is moderately wounded.
Erica completely misses you. You block Erica's attack.
You sock Erica!
Erica is heavily wounded.
Erica closely misses you.
You barely miss Erica.
Erica is heavily wounded.
Erica hits you with a +3 scimitar of flaming!
* * * LOW HITPOINT WARNING * * *
Erica burns you!
* * * LOW HITPOINT WARNING * * *
Erica hits you but does no damage.
A red film seems to cover your vision as you go berserk!
You feel yourself moving faster!
You feel mighty!
Erica points at you and mumbles some strange words.
You are confused.
You miss Erica.
Erica is moderately wounded.
Erica hits you but does no damage.
You're too confused to move!
Erica hits you with a +3 scimitar of flaming.
* * * LOW HITPOINT WARNING * * *
Erica burns you.
* * * LOW HITPOINT WARNING * * *
You feel a strong urge to attack something.
You barely miss Erica.
Erica is moderately wounded.
Erica hits you but does no damage.
You barely miss Erica.
Erica is moderately wounded.
Erica hits you but does no damage.
Erica hits you with a +3 scimitar of flaming!
* * * LOW HITPOINT WARNING * * *
Erica burns you.
You die...

#.................#
##.......{...... #
#########.######.?.....
# #.........# .....(. #
#.........# ....... #
#.........# ....$.. #
#.....###.# ....... #
##.....###+#####
####### #
#.........@....# #
###.#......@.....# #
##...#............#
#..#####..........#
#.####....#.......#
#.#..#....#########
##.#...#.###
#..#.......# ..
#.####.#...# .K#


You could see Erica.

Vanquished Creatures
  Pikel (D:7)
  Sigmund (D:4)
  A wyvern (D:8)
  A steam dragon (D:6)
  Menkaure (D:4)
  Edmund (D:5)
  Duvessa (D:4)
  An ogre (D:7)
  3 centaurs
  4 kobold brigands
  A bullfrog (D:8)
  Blork the orc (D:5)
  2 gnoll sergeants
  3 scorpions
  8 wights
  A jelly (D:6)
  Dowan (D:4)
  3 howler monkeys
  A crimson imp (D:7)
  7 hounds
  Crazy Yiuf (D:5)
  5 gnoll boudas
  2 sleepcaps
  4 iguanas (D:6)
  An orc wizard (D:7)
  15 gnolls
  6 adders
  2 white imps (D:5)
  An ufetubus (D:7)
  3 worms (D:2)
  2 dart slugs
  5 orcs
  2 ball pythons
  8 endoplasms
  7 giant cockroaches
  6 goblins
  12 hobgoblins
  17 jackals
  3 quokkas
  3 bats
  5 frilled lizards
  27 kobolds
  9 rats
189 creatures vanquished.

Notes
Turn   | Place    | Note
-------+----------+-------------------------------------------
     0 | D:1      | KittyFluff the Gargoyle Berserker began the quest for the
                  | Orb.
     0 | D:1      | Reached XP level 1. HP: 14/14 MP: 1/1
   239 | D:1      | Reached XP level 2. HP: 18/19 MP: 2/2
   328 | D:1      | Reached ** piety under Trog
   330 | D:1      | Reached skill level 1 in Stealth
   506 | D:1      | Reached XP level 3. HP: 23/23 MP: 3/3
   778 | D:2      | Reached skill level 3 in Armour
  1334 | D:2      | Reached XP level 4. HP: 28/28 MP: 4/4
  2193 | D:3      | Reached XP level 5. HP: 33/33 MP: 5/5
  2217 | D:3      | You fall into a shaft and drop 2 floors!
  2217 | D:5      | Entered Level 5 of the Dungeon
  2329 | D:5      | Noticed Edmund
  2362 | D:5      | Killed Edmund
  2363 | D:5      | Reached skill level 4 in Armour
  2363 | D:5      | Reached XP level 6. HP: 16/38 MP: 6/6
  2375 | D:5      | Reached *** piety under Trog
  2578 | D:4      | Noticed Sigmund
  2594 | D:4      | Killed Sigmund
  2595 | D:4      | Reached skill level 5 in Maces & Flails
  2595 | D:4      | Reached skill level 5 in Armour
  2595 | D:4      | Reached XP level 7. HP: 44/44 MP: 7/7
  2877 | D:3      | Found a runed translucent gate.
  2879 | D:3      | Found a runed translucent gate.
  2879 | D:3      | Found a runed translucent gate.
  2882 | D:3      | Noticed wolfy7's ghost (amateur HOFi)
  2882 | D:3      | Noticed pkoi's ghost (amateur DrCj)
  2916 | D:3      | Found a blossoming altar of Fedhas.
  2916 | D:3      | Found a stormy altar of Qazlal.
  3313 | D:4      | Noticed Dowan
  3346 | D:4      | Noticed Duvessa
  3364 | D:4      | Killed Dowan
  3406 | D:4      | Noticed Menkaure
  3415 | D:4      | Killed Menkaure
  3416 | D:4      | Reached XP level 8. HP: 26/48 MP: 8/8
  3466 | D:4      | Killed Duvessa
  3720 | D:5      | Noticed Blork the orc
  3729 | D:5      | Killed Blork the orc
  3730 | D:5      | Reached skill level 6 in Armour
  3839 | D:5      | Reached skill level 5 in Fighting
  3967 | D:5      | Found a runed translucent door.
  3967 | D:5      | Noticed Crazy Yiuf
  3981 | D:5      | HP: 1/49 [Crazy Yiuf/+4 quarterstaff of chaos (3)]
  3982 | D:5      | Killed Crazy Yiuf
  4408 | D:6      | Reached **** piety under Trog
  4498 | D:6      | Reached skill level 1 in Evocations
  4699 | D:6      | Reached XP level 9. HP: 54/54 MP: 9/9
  4704 | D:6      | Found a staircase to the Ecumenical Temple.
  4735 | D:6      | Reached skill level 7 in Armour
  5298 | D:6      | Reached skill level 5 in Stealth
  5373 | D:7      | Found a burning altar of Makhleb.
  5426 | D:7      | Reached skill level 1 in Shields
  5501 | D:7      | Noticed Pikel
  5517 | D:7      | Killed Pikel
  5592 | D:7      | Identified the +6 chain mail of the Centipede {Regen+
                  | Str+4}
  6033 | D:7      | Found Tewesy's Weapon Boutique.
  6391 | D:7      | Reached ***** piety under Trog
  6397 | D:7      | Reached skill level 8 in Armour
  6488 | D:7      | Reached XP level 10. HP: 60/60 MP: 10/10
  7186 | D:8      | Found a sacrificial altar of Ru.
  7354 | D:8      | Noticed Erica
  7399 | D:8      | HP: 3/61 [Erica/+3 scimitar of flaming (7)]
  7406 | D:8      | HP: 1/91 [Erica/+3 scimitar of flaming (10)]
  7406 | D:8      | Slain by Erica

Illustrated notes

Levels and vault maps discovered:
D:1:      dpeg_arrival_pits, layout_basic, st_stairs_11
D:2:      layout_basic
D:3:      minmay_chambers_of_threes, layout_loops_ring,
          grunt_temple_overflow_forces_of_nature, gammafunk_ghost_cemetery
D:4:      layout_loops_ring, uniq_menkaure, uniq_duvessa, uniq_sigmund
D:5:      layout_basic, hangedman_decor_slide_cut, uniq_blork_the_orc,
          uniq_edmund, uniq_crazy_yiuf_cottage
D:6:      layout_basic, temple_pool_b
D:7:      kennysheep_housing_project, layout_layer_cave, makhleb_grotto_becter,
          serial_shops, nicolae_take_the_stairs, uniq_pikel
D:8:      layout_basic, nicolae_ru_path_of_blood, hangedman_decor_push,
          uniq_erica

Skill      XL: |  1  2  3  4  5  6  7  8  9 |
---------------+----------------------------+-----
Stealth        | 1 2 3 4 5 |  5.9
Armour         | 3 4 5 6 8 |  8.4
Dodging        | 2 3 4 |  4.5
Maces & Flails | 4 5 6 7 |  7.9
Fighting       | 4 5 6 |  6.3
Evocations     | 1 2 |  2.9
Shields        | 2 |  2.7

Action                     |  1- 3 |  4- 6 |  7- 9 | 10-12 || total
---------------------------+-------+-------+-------+-------++-------
  Melee: Mace              |   114 |   125 |       |       ||   239
         Punch             |       |     2 |     1 |       ||     3
         Flail             |       |    37 |   462 |   126 ||   625
  Throw: Dart              |       |       |     3 |     1 ||     4
 Invoke: Berserk           |       |     1 |       |     1 ||     2
    Use: Scroll            |       |     1 |     9 |       ||    10
   Stab: Sleeping          |       |     1 |     2 |       ||     3
 Armour: Animal skin       |    42 |       |       |       ||    42
         Leather armour    |    10 |   104 |   125 |    25 ||   264
         Robe              |       |       |    67 |    45 ||   112
  Dodge: Dodged            |    94 |   150 |   253 |    86 ||   583
  Block: Buckler           |       |       |    39 |    49 ||    88
